 Dungeon Crawl Stone Soup version 0.32-a0-42-ga30500b4d3 (webtiles) character file.

Game seed: 8218315011170519106

203 CraigForest the Shield-Bearer (level 6, -2/49 HPs)
             Began as a Formicid Fighter on Jan 26, 2024.
             Slain by a kobold brigand
             ... wielding a +0 short sword
              (5 damage)
             ... on level 3 of the Dungeon.
             The game lasted 00:09:44 (2663 turns).

CraigForest the Shield-Bearer (Formicid Fighter)    Turns: 2663, Time: 00:09:44

Health: -2/49      AC:  9    Str: 23    XL:     6   Next: 8%
Magic:  6/6        EV:  8    Int:  7    God:
Gold:   182        SH:  5    Dex: 13    Spells: 5/5 levels left

rFire   . . .        a - +1 quarterstaff
rCold   . . .        c - +0 buckler
rNeg    . . .        l - +0 chain mail
rPois   .            (helmet unavailable)
rElec   .            (no cloak)
rCorr   .            (no gloves)
SInv    +            (no boots)
Will    .....        (no amulet) Stlth
                     (no ring)
HPRegen 0.28/turn    (no ring)
MPRegen 0.10/turn

%: no passive effects
@: mighty
A: permanent stasis, dig shafts and tunnels, antennae 3, four strong arms
a: Dig, Shaft Self


You were on level 3 of the Dungeon.
You visited 1 branch of the dungeon, and saw 3 of its levels.

You collected 204 gold pieces.
You spent 22 gold pieces at shops.

Inventory:

Hand Weapons
 a - a +1 quarterstaff (weapon)
 g - a +3 dagger of protection
Missiles
 f - 2 boomerangs
 o - 2 javelins
 q - 3 poisoned darts
Armour
 b - a +0 scale mail
 c - a +0 buckler (worn)
 l - a +0 chain mail (worn)
Jewellery
 s - the ring "Jyfan" {rElec rF- Will+++ Slay+4 Stlth+}
   (You found it on level 2 of the Dungeon)

   [ring of slaying]

   Slay+4:    It affects your accuracy & damage with ranged weapons and melee
   (+4).
   rF-:       It makes you vulnerable to fire.
   rElec:     It insulates you from electricity.
   Will+++:   It greatly increases your willpower.
   Stlth+:    It makes you more stealthy.
 t - a ring of poison resistance
Scrolls
 e - a scroll of enchant weapon
 h - a scroll of acquirement {unknown}
 i - a scroll of blinking {unknown}
 m - a scroll of immolation {unknown}
 n - a scroll of torment {unknown}
 r - a scroll of vulnerability {unknown}
 u - a scroll of silence {unknown}
 x - a scroll of enchant armour {unknown}
Potions
 d - a potion of might
 k - a potion of ambrosia {unknown}
 p - a potion of invisibility {unknown}
 v - 2 potions of lignification {unknown}
 w - a potion of enlightenment {unknown}
 z - 2 potions of mutation {unknown}
 A - a potion of heal wounds {unknown}


   Skills:
 + Level 4.4 Fighting
 + Level 3.8 Staves
 + Level 4.2 Armour
 + Level 0.9 Dodging
 + Level 4.7 Shields


You had 5 spell levels left.
You didn't know any spells.
Your spell library contained the following spells:

 Spells                   Type           Power      Damage    Failure   Level
 Apportation              Tloc           0%         N/A       97%         1
 Necrotise                Necr           0%         1d4       97%         1
 Sting                    Conj/Alch      0%         1d3       97%         1
 Summon Small Mammal      Summ           0%         N/A       97%         1
 Dazzling Flash           Conj/Hex       0%         N/A       100%        3
 Mephitic Cloud           Conj/Alch/Air  0%         N/A       100%        3
 Vampiric Draining        Necr           0%         2d6       100%        3
 Martyr's Knell           Necr/Summ      0%         N/A       100%        4
 Curse of Agony           Necr           0%         N/A       100%        5
 Silence                  Hex/Air        0%         N/A       100%        5


Dungeon Overview and Level Annotations

Branches:
Dungeon (3/15)

Altars:
Wu Jian

Shops:
D:1 *   D:2 (

Annotations:
D:3 1 transporter


Innate Abilities, Weirdness & Mutations

You cannot be hasted, slowed, berserked, paralysed or teleported.
You can dig through walls and to a lower floor.
You have a pair of large antennae on your head. (SInv)
Your four strong arms can wield two-handed weapons with a shield.


Message History

The ribbon worm barely misses you.
You feel sick.
The frilled lizard attacks as it pursues you!
The frilled lizard barely misses you.
You feel sick.
The kobold brigand attacks as it pursues you!
The kobold brigand hits you but does no damage.
You see here a potion of curing.
You feel better. The frilled lizard barely misses you.
The kobold brigand misses you.
Unknown command.
Unknown command.
Unknown command.
Unknown command.
Unknown command.
Unknown command.
You sock the ribbon worm!
The ribbon worm is heavily wounded.
The frilled lizard bites you.
* * * LOW HITPOINT WARNING * * *
The kobold brigand barely misses you. The ribbon worm closely misses you.
You barely miss the ribbon worm.
The ribbon worm is heavily wounded.
The frilled lizard closely misses you.
The kobold brigand hits you but does no damage.
The ribbon worm bites you.
* * * LOW HITPOINT WARNING * * *
You sock the ribbon worm!
The ribbon worm is severely wounded.
The frilled lizard barely misses you. You block the kobold brigand's attack.
The frilled lizard bites you.
* * * LOW HITPOINT WARNING * * *
The ribbon worm completely misses you.
The kobold brigand hits you with a +0 short sword.
* * * LOW HITPOINT WARNING * * *
You bludgeon the ribbon worm!!
You kill the ribbon worm!
The frilled lizard barely misses you.
The kobold brigand hits you with a +0 short sword.
You die...

...........#.#.#..#....#8........
.......................##........
.............#.##.[..#####8###8##
.......###...........'.##########
)...........##.#.....###.......#.
.......###.............#.##....#.
###........)....©.........#....+.
............#########.....#....#.
.......##..##8./@..8##....#....#.
###.#####..#©...lK...#.........#.
###.###....#..#...#..#......#....
.##........#.#.....#.#...........
.##.##..#..#....©....#...........
...........#.#.†...#.#.....##....
.##..).....#..#...#..#..#........
...........#.........#..#..).....
.##.##.....##8.....8##..#........


You could see a kobold brigand and a frilled lizard.

Vanquished Creatures
  The ghost of IdlyInterested the Charlatan, an amateur DsWn (D:3)
  A gnoll (D:3)
  4 adders
  A ribbon worm (D:3)
  A dart slug (D:2)
  2 orcs (D:3)
  10 endoplasms
  2 giant cockroaches (D:1)
  10 goblins
  7 hobgoblins
  4 jackals (D:1)
  4 quokkas
  3 ball pythons
  5 bats
  A frilled lizard (D:2)
  8 kobolds
  7 rats
71 creatures vanquished.

Notes
Turn   | Place    | Note
-------+----------+-------------------------------------------
     0 | D:1      | CraigForest the Formicid Fighter began the quest for the
                  | Orb.
     0 | D:1      | Reached XP level 1. HP: 18/18 MP: 1/1
   157 | D:1      | Reached XP level 2. HP: 24/24 MP: 2/2
   333 | D:1      | Reached XP level 3. HP: 30/30 MP: 3/3
   340 | D:1      | Found Zidwyl's Assorted Antiques.
   348 | D:1      | Bought a scroll labelled QUMNUF LYSM for 22 gold pieces
  1206 | D:2      | Identified the ring "Jyfan" {rElec rF- Will+++ Slay+4
                  | Stlth+}
  1261 | D:2      | Reached XP level 4. HP: 37/37 MP: 4/4
  1482 | D:2      | Found an ornate altar of the Wu Jian Council.
  1514 | D:2      | Found Luwij's Antique Weapon Shop.
  2209 | D:3      | Found a transporter.
  2210 | D:3      | Noticed a kobold brigand
  2231 | D:3      | Reached XP level 5. HP: 38/42 MP: 5/5
  2354 | D:3      | Found a transporter.
  2359 | D:3      | Noticed IdlyInterested's ghost (amateur DsWn)
  2654 | D:3      | Killed IdlyInterested's ghost
  2655 | D:3      | Reached XP level 6. HP: 10/49 MP: 6/6
  2663 | D:3      | Slain by a kobold brigand

Illustrated notes

Levels and vault maps discovered:
D:1:      scummos_arrival_forest, layout_basic, serial_shops, shop,
          nrook_mini_backslash, st_stairs_1
D:2:      layout_basic, serial_shops, nicolae_lakefront_shop, basic_altar,
          kennysheep_pointless_box, kennysheep_generic_room_14
D:3:      layout_basic, serial_corexii_hall, corexii_hall_statues_l,
          chequers_hall_statues_corner_a, gammafunk_ghost_arena,
          minmay_starry_boxes

Skill      XL: |  1  2  3  4 |
---------------+-------------+-----
Fighting       | 4 |  4.4
Staves         | 3 |  3.8
Armour         | 4 |  4.2
Dodging        | |  0.9
Shields        | |  4.7

Action                     |  1- 3 |  4- 6 || total
---------------------------+-------+-------++-------
  Melee: Quarterstaff      |   118 |   101 ||   219
    Use: Scroll            |       |     1 ||     1
         Potion            |       |     4 ||     4
 Armour: Scale mail        |    37 |       ||    37
         Chain mail        |    40 |    85 ||   125
  Dodge: Dodged            |    49 |    61 ||   110
  Block: Buckler           |    25 |    39 ||    64

Table legend: (Time is in decaauts)
 A = Elapsed time spent in this place.
 B = Non-inter-level travel time spent in this place.
 C = Inter-level travel time spent in this place.
 D = Time resting spent in this place.
 E = Time spent auto-exploring this place.
 F = Levels seen in this place.
 G = Mean time per level.
                   A        B        C        D        E       F      G
               +--------+--------+--------+--------+--------+-----+--------+
         Total |   2707 |   2666 |     41 |      0 |   1708 |   3 |  902.3 |
       Dungeon |   2707 |   2666 |     41 |      0 |   1708 |   3 |  902.3 |
               +--------+--------+--------+--------+--------+-----+--------+

Top non-repeatable levels by time:
     D:1: 1017 daAuts
     D:3: 885 daAuts
     D:2: 804 daAuts
